[ AOE2 MATCH · #475182803 ]
UnrankedLithuanians vs Ethiopians
Player's team · LOSS
[ REPLAY ANALYSIS · EXTRACTED FROM THE RECORDED GAME ]
Feudal
11:34
Castle
25:00
Imperial
37:10
| APM avg | 11.5 |
| APM peak | 24 |
| eAPM avg | 7.6 |
| Villagers / military | 85 / 82 |
Focus
⚔️ 31.5% · 🌾 68.5%
Leitis ×36 · Scout Cavalry ×24 · Knight ×15 · Mangonel ×3 · Spearman ×2 · Monk ×1
Feudal
11:06
Castle
17:13
Imperial
41:26
| APM avg | 14.5 |
| APM peak | 28 |
| eAPM avg | 10.5 |
| Villagers / military | 83 / 212 |
Focus
⚔️ 31.7% · 🌾 68.3%
Spearman ×114 · Archer ×70 · Skirmisher ×20 · Shotel Warrior ×5 · Cavalry Archer ×3
Feudal
9:56
Castle
16:01
Imperial
31:58
| APM avg | 15.6 |
| APM peak | 66 |
| eAPM avg | 13.4 |
| Villagers / military | 181 / 47 |
Focus
⚔️ 12.9% · 🌾 87.1%
Organ Gun ×41 · Trebuchet (Packed) ×6
Feudal
12:39
Castle
21:05
Imperial
—
| APM avg | 25.7 |
| APM peak | 68 |
| eAPM avg | 17.2 |
| Villagers / military | 94 / 17 |
Focus
⚔️ 27.8% · 🌾 72.2%
Unknown (1949) ×102 · Battering Ram ×6 · Monk ×4 · Scorpion ×4 · Mangonel ×2 · Spearman ×1
Feudal
11:25
Castle
15:36
Imperial
37:21
| APM avg | 32.7 |
| APM peak | 82 |
| eAPM avg | 16.4 |
| Villagers / military | 134 / 214 |
Focus
⚔️ 33.8% · 🌾 66.2%
Archer ×211 · Trebuchet (Packed) ×2 · Skirmisher ×1
Feudal
11:57
Castle
15:56
Imperial
35:05
| APM avg | 15.8 |
| APM peak | 52 |
| eAPM avg | 9.7 |
| Villagers / military | 127 / 205 |
Focus
⚔️ 26.2% · 🌾 73.8%
Camel Scout ×204 · Monk ×1
Feudal
9:58
Castle
19:13
Imperial
—
| APM avg | 21.4 |
| APM peak | 61 |
| eAPM avg | 11.7 |
| Villagers / military | 170 / 28 |
Focus
⚔️ 17.2% · 🌾 82.8%
Knight ×24 · Scout Cavalry ×4
Feudal
12:10
Castle
22:19
Imperial
—
| APM avg | 25.0 |
| APM peak | 59 |
| eAPM avg | 11.1 |
| Villagers / military | 73 / 36 |
Focus
⚔️ 35.1% · 🌾 64.9%
Conquistador ×22 · Archer ×13 · Battering Ram ×1
Match map
Initial resources + every placement click. Lines = walls · curves = elevation contours. ◆ gold · ⬟ stone · ● berries · ✦ relic · ◌ wall gap
Your base· Open — 5t gap
NoTradeBeforeImp's base· ✓ Closed at 17:13 · 47t walls · no gate
Shermanugus's base· Open — unwalled flank
_DinosaursWillDie_'s base· ✓ Closed at 21:05 · 48t walls · no gate
Michaell2050's base· Open — 5t gap
selim.eminogluu5's base· ✓ Closed at 15:56 · 61t walls · 4 gate(s)
Magwai's base· Open — unwalled flank
Mesut Komser's base· ✓ Closed at 22:19 · 71t walls · 5 gate(s)
Smoothed initial terrain · ◌ = detected wall gap · hover for details
Inputs per minute
— ŞaşKomutan - - NoTradeBeforeImp
Build order — ŞaşKomutan
First 150 of 183 actions detected
| 0:04 | Create | Villager (Male) |
| 0:04 | Research | Loom |
| 0:04 | Create | Villager (Male) ×5 |
| 0:07 | Build | House |
| 0:09 | Build | House |
| 0:11 | Build | House |
| 1:35 | Create | Villager (Male) |
| 1:36 | Create | Villager (Male) |
| 2:06 | Create | Villager (Male) |
| 2:06 | Create | Villager (Male) |
| 3:16 | Create | Villager (Male) ×3 |
| 3:38 | Create | Villager (Male) |
| 3:39 | Create | Villager (Male) |
| 4:19 | Build | Lumber Camp |
| 4:23 | Create | Villager (Male) ×2 |
| 4:55 | Create | Villager (Male) |
| 4:55 | Create | Villager (Male) |
| 5:13 | Create | Villager (Male) |
| 5:14 | Create | Villager (Male) |
| 5:47 | Build | House |
| 5:54 | Build | House |
| 6:36 | Build | Mill |
| 7:15 | Build | Mill |
| 7:45 | Create | Villager (Male) |
| 7:46 | Create | Villager (Male) |
| 8:41 | Build | Farm |
| 8:45 | Build | Farm |
| 9:24 | Research | Feudal Age |
| 9:25 | Research | Feudal Age |
| 10:17 | Build | Mining Camp |
| 11:34 | Build | Palisade Wall |
| 11:34 | Age | Feudal Age |
| 11:41 | Build | Palisade Wall |
| 11:49 | Build | Palisade Gate |
| 11:57 | Create | Villager (Male) |
| 11:57 | Create | Villager (Male) |
| 12:13 | Build | Barracks |
| 12:43 | Create | Villager (Male) |
| 12:44 | Create | Villager (Male) |
| 13:20 | Build | Farm |
| 13:20 | Build | Farm |
| 13:21 | Build | Farm |
| 13:22 | Build | Farm |
| 13:22 | Build | Farm |
| 13:31 | Create | Villager (Male) |
| 13:39 | Create | Villager (Male) |
| 13:57 | Build | House |
| 14:18 | Build | Stable |
| 14:22 | Create | Spearman |
| 14:22 | Create | Spearman |
| 15:03 | Build | House |
| 15:14 | Create | Villager (Male) |
| 15:15 | Create | Villager (Male) |
| 15:36 | Build | House |
| 15:38 | Build | House |
| 15:44 | Build | Farm |
| 15:47 | Build | Farm |
| 15:50 | Create | Scout Cavalry |
| 15:50 | Create | Scout Cavalry |
| 16:18 | Build | Stable |
| 16:25 | Create | Villager (Male) |
| 16:25 | Create | Villager (Male) |
| 16:37 | Build | Blacksmith |
| 16:52 | Create | Villager (Male) |
| 16:52 | Create | Villager (Male) |
| 17:16 | Create | Scout Cavalry |
| 17:17 | Create | Scout Cavalry |
| 17:39 | Build | Mining Camp |
| 17:46 | Create | Villager (Male) |
| 17:46 | Create | Villager (Male) |
| 17:49 | Create | Scout Cavalry |
| 17:49 | Create | Scout Cavalry |
| 18:49 | Create | Scout Cavalry ×3 |
| 18:54 | Create | Villager (Male) |
| 18:54 | Create | Villager (Male) |
| 19:06 | Build | Market |
| 19:08 | Create | Villager (Male) |
| 19:09 | Create | Villager (Male) |
| 19:39 | Build | House |
| 19:41 | Build | House |
| 19:57 | Research | Wheelbarrow |
| 20:23 | Research | Forging |
| 21:19 | Create | Villager (Male) ×4 |
| 22:19 | Research | Castle Age |
| 22:48 | Research | Horse Collar |
| 23:28 | Research | Bloodlines |
| 25:00 | Age | Castle Age |
| 25:09 | Research | Light Cavalry (upgrade) |
| 25:26 | Research | Heavy Plow |
| 25:28 | Create | Villager (Male) ×5 |
| 25:49 | Build | Mining Camp |
| 25:56 | Build | Town Center |
| 26:00 | Build | Farm |
| 26:09 | Create | Scout Cavalry ×5 |
| 26:46 | Create | Knight |
| 26:46 | Create | Knight |
| 26:52 | Create | Knight |
| 26:53 | Create | Knight |
| 27:04 | Create | Knight ×5 |
| 27:20 | Research | Stone Mining |
| 27:26 | Build | Monastery |
| 27:37 | Create | Villager (Male) |
| 27:50 | Create | Knight |
| 28:05 | Build | Farm |
| 28:09 | Create | Monk |
| 28:26 | Research | Town Watch |
| 28:35 | Research | Husbandry |
| 29:13 | Build | Castle |
| 29:26 | Create | Knight ×5 |
| 29:28 | Create | Villager (Male) ×4 |
| 30:36 | Research | Scale Barding Armor |
| 31:11 | Build | Lumber Camp |
| 31:25 | Research | Hand Cart |
| 31:28 | Build | Farm |
| 31:28 | Build | Farm |
| 31:28 | Build | Farm |
| 31:28 | Build | Farm |
| 31:29 | Build | Farm |
| 31:29 | Build | Farm |
| 31:29 | Build | Farm |
| 31:39 | Build | Lumber Camp |
| 32:03 | Build | Farm |
| 32:06 | Build | Farm |
| 32:30 | Create | Villager (Male) ×5 |
| 32:53 | Research | Iron Casting |
| 33:21 | Build | Farm |
| 33:25 | Build | Farm |
| 33:25 | Build | Farm |
| 34:00 | Research | Imperial Age |
| 34:19 | Build | Castle |
| 34:36 | Build | Farm |
| 35:00 | Create | Leitis ×5 |
| 35:28 | Build | Gate |
| 35:37 | Build | Stone Wall |
| 35:41 | Build | Farm |
| 35:57 | Create | Leitis ×5 |
| 36:15 | Build | Town Center |
| 36:21 | Create | Villager (Male) ×5 |
| 36:49 | Create | Leitis ×5 |
| 37:08 | Build | Farm |
| 37:10 | Age | Imperial Age |
| 37:25 | Create | Leitis ×5 |
| 37:29 | Build | Farm |
| 37:33 | Research | Gold Mining |
| 37:39 | Build | Farm |
| 37:52 | Build | University |
| 37:57 | Research | Crop Rotation |
| 38:00 | Create | Leitis ×2 |
| 38:24 | Build | Farm |
| 38:28 | Create | Villager (Male) ×5 |
Build order — NoTradeBeforeImp
First 150 of 281 actions detected
| 0:01 | Create | Villager (Male) |
| 0:01 | Create | Villager (Male) |
| 0:02 | Create | Villager (Male) |
| 0:02 | Create | Villager (Male) |
| 0:04 | Build | House |
| 0:06 | Build | House |
| 1:18 | Create | Villager (Male) |
| 1:19 | Create | Villager (Male) |
| 1:50 | Create | Villager (Male) |
| 2:23 | Create | Villager (Male) |
| 2:24 | Create | Villager (Male) |
| 2:45 | Create | Villager (Male) |
| 3:03 | Build | House |
| 3:04 | Build | House |
| 3:12 | Build | Lumber Camp |
| 3:22 | Create | Villager (Male) |
| 3:23 | Create | Villager (Male) |
| 3:50 | Create | Villager (Male) |
| 3:50 | Create | Villager (Male) |
| 4:29 | Create | Villager (Male) |
| 5:13 | Create | Villager (Male) |
| 5:33 | Create | Villager (Male) |
| 5:55 | Create | Villager (Male) |
| 6:25 | Build | Mill |
| 6:35 | Create | Villager (Male) |
| 6:54 | Build | Mining Camp |
| 7:02 | Create | Villager (Male) |
| 7:29 | Build | Palisade Wall |
| 7:35 | Build | House |
| 7:36 | Build | House |
| 7:46 | Create | Villager (Male) |
| 7:47 | Create | Villager (Male) |
| 8:08 | Research | Loom |
| 8:36 | Research | Feudal Age |
| 9:11 | Build | House |
| 9:31 | Build | Palisade Wall |
| 9:44 | Build | Barracks |
| 9:48 | Build | Palisade Wall |
| 10:02 | Build | Palisade Wall |
| 10:06 | Build | Palisade Wall |
| 10:10 | Build | Palisade Wall |
| 10:15 | Build | Palisade Wall |
| 10:38 | Create | Villager (Male) |
| 10:38 | Create | Villager (Male) |
| 11:06 | Age | Feudal Age |
| 11:30 | Build | Blacksmith |
| 11:34 | Create | Villager (Male) |
| 11:35 | Create | Villager (Male) |
| 11:46 | Build | Mill |
| 12:09 | Build | Market |
| 12:37 | Research | Town Watch |
| 13:11 | Create | Villager (Male) |
| 13:11 | Create | Villager (Male) |
| 13:39 | Build | Palisade Wall |
| 13:52 | Build | Farm |
| 13:55 | Create | Villager (Male) |
| 14:07 | Build | House |
| 14:18 | Build | Farm |
| 14:26 | Build | Farm |
| 14:33 | Research | Castle Age |
| 14:39 | Build | Farm |
| 15:17 | Research | Double-Bit Axe |
| 15:21 | Research | Horse Collar |
| 15:36 | Build | Farm |
| 15:38 | Build | Farm |
| 15:41 | Build | Farm |
| 15:44 | Build | Farm |
| 15:46 | Build | Farm |
| 15:50 | Create | Villager (Male) |
| 15:51 | Create | Villager (Male) |
| 17:13 | Age | Castle Age |
| 17:32 | Create | Villager (Male) |
| 17:32 | Create | Villager (Male) |
| 17:45 | Build | Town Center |
| 18:09 | Build | Lumber Camp |
| 18:48 | Create | Villager (Male) |
| 18:48 | Create | Villager (Male) |
| 18:53 | Build | Lumber Camp |
| 19:03 | Create | Villager (Male) |
| 19:04 | Create | Villager (Male) |
| 19:04 | Create | Villager (Male) |
| 19:06 | Create | Villager (Male) |
| 19:07 | Create | Villager (Male) |
| 19:09 | Create | Villager (Male) |
| 19:09 | Create | Villager (Male) |
| 19:28 | Create | Villager (Male) |
| 19:28 | Research | Wheelbarrow |
| 19:40 | Build | Gate |
| 19:46 | Build | House |
| 19:57 | Build | Lumber Camp |
| 20:09 | Research | Gold Mining |
| 20:09 | Research | Stone Mining |
| 20:12 | Research | Bow Saw |
| 20:30 | Build | Lumber Camp |
| 20:45 | Build | Farm |
| 20:48 | Build | Farm |
| 20:51 | Build | Farm |
| 20:53 | Build | Farm |
| 20:58 | Create | Villager (Male) |
| 20:59 | Create | Villager (Male) |
| 21:01 | Create | Villager (Male) |
| 21:01 | Create | Villager (Male) |
| 21:12 | Build | Farm |
| 21:13 | Build | Farm |
| 21:40 | Build | Archery Range |
| 21:41 | Build | Archery Range |
| 21:45 | Create | Spearman ×4 |
| 21:49 | Research | Squires |
| 22:00 | Create | Villager (Male) |
| 22:05 | Create | Villager (Male) |
| 22:46 | Build | University |
| 22:51 | Create | Villager (Male) |
| 22:52 | Create | Villager (Male) |
| 22:52 | Create | Villager (Male) |
| 22:55 | Create | Villager (Male) |
| 22:56 | Create | Villager (Male) |
| 23:02 | Build | House |
| 23:04 | Build | House |
| 23:06 | Build | House |
| 23:10 | Build | Palisade Wall |
| 23:12 | Build | Palisade Wall |
| 23:17 | Build | Palisade Wall |
| 23:18 | Build | Palisade Wall |
| 23:19 | Build | Palisade Wall |
| 23:20 | Build | Palisade Wall |
| 23:52 | Research | Crossbowman (upgrade) |
| 23:52 | Create | Archer ×5 |
| 24:08 | Create | Villager (Male) |
| 24:08 | Create | Villager (Male) |
| 24:09 | Create | Villager (Male) |
| 24:10 | Create | Villager (Male) |
| 24:46 | Build | Archery Range |
| 24:47 | Build | Archery Range |
| 24:51 | Build | Barracks |
| 24:55 | Build | House |
| 24:56 | Build | House |
| 25:03 | Create | Villager (Male) |
| 25:03 | Create | Villager (Male) |
| 25:05 | Create | Villager (Male) |
| 25:05 | Create | Villager (Male) |
| 25:27 | Create | Spearman |
| 25:27 | Create | Spearman |
| 25:35 | Build | Palisade Wall |
| 26:38 | Build | Barracks |
| 26:44 | Build | House |
| 26:49 | Build | House |
| 26:52 | Research | Scale Mail Armor |
| 26:52 | Research | Forging |
| 27:26 | Build | House |
| 27:28 | Create | Villager (Male) |
Build order — Shermanugus
First 150 of 380 actions detected
| 0:03 | Build | House |
| 0:07 | Build | House |
| 0:08 | Create | Villager (Male) |
| 0:08 | Create | Villager (Male) |
| 0:09 | Create | Villager (Male) |
| 0:35 | Create | Villager (Male) |
| 1:38 | Create | Villager (Male) |
| 1:58 | Build | Lumber Camp |
| 2:01 | Create | Villager (Male) |
| 2:01 | Create | Villager (Male) |
| 2:31 | Create | Villager (Male) |
| 2:59 | Create | Villager (Male) |
| 3:00 | Create | Villager (Male) |
| 3:00 | Create | Villager (Male) |
| 3:36 | Create | Villager (Male) |
| 3:36 | Create | Villager (Male) |
| 3:59 | Build | House |
| 4:01 | Build | House |
| 4:06 | Create | Villager (Male) |
| 4:06 | Create | Villager (Male) |
| 4:34 | Create | Villager (Male) |
| 5:02 | Create | Villager (Male) |
| 5:17 | Build | Mill |
| 5:19 | Create | Villager (Male) |
| 5:35 | Create | Villager (Male) |
| 6:01 | Create | Villager (Male) |
| 6:06 | Create | Villager (Male) |
| 7:36 | Build | House |
| 7:37 | Build | House |
| 7:43 | Create | Villager (Male) |
| 7:46 | Research | Feudal Age |
| 7:52 | Build | Mill |
| 7:56 | Create | Villager (Male) |
| 8:28 | Create | Villager (Male) |
| 8:28 | Create | Villager (Male) |
| 8:29 | Create | Villager (Male) |
| 8:33 | Research | Loom |
| 8:33 | Create | Villager (Male) |
| 8:34 | Create | Villager (Male) |
| 8:34 | Create | Villager (Male) |
| 8:34 | Create | Villager (Male) |
| 9:56 | Age | Feudal Age |
| 10:03 | Create | Villager (Male) |
| 10:04 | Create | Villager (Male) |
| 10:04 | Create | Villager (Male) |
| 10:21 | Create | Villager (Male) |
| 10:53 | Create | Villager (Male) |
| 11:01 | Build | House |
| 11:04 | Create | Villager (Male) |
| 11:04 | Create | Villager (Male) |
| 11:19 | Create | Villager (Male) |
| 11:28 | Build | Market |
| 12:06 | Build | Blacksmith |
| 12:08 | Build | House |
| 12:10 | Build | House |
| 12:11 | Build | House |
| 12:16 | Create | Villager (Male) |
| 12:26 | Build | Blacksmith |
| 12:32 | Build | Stone Wall |
| 12:38 | Create | Villager (Male) |
| 13:13 | Research | Horse Collar |
| 13:14 | Research | Double-Bit Axe |
| 13:19 | Create | Villager (Male) |
| 13:21 | Research | Castle Age |
| 14:06 | Build | Farm |
| 14:07 | Build | Farm |
| 14:07 | Build | Farm |
| 14:07 | Build | Farm |
| 14:07 | Build | Farm |
| 14:08 | Build | Farm |
| 14:08 | Build | Farm |
| 14:08 | Build | Farm |
| 14:09 | Build | Farm |
| 14:09 | Build | Farm |
| 14:09 | Build | Farm |
| 14:20 | Build | Farm |
| 14:20 | Build | Farm |
| 14:21 | Build | Farm |
| 14:21 | Build | Farm |
| 14:22 | Build | Farm |
| 14:22 | Build | Farm |
| 14:22 | Build | Farm |
| 14:22 | Build | Farm |
| 14:23 | Build | Farm |
| 14:23 | Build | Farm |
| 14:23 | Build | Farm |
| 14:24 | Build | Farm |
| 14:24 | Build | Farm |
| 14:24 | Build | Farm |
| 14:24 | Build | Farm |
| 14:25 | Build | Farm |
| 14:25 | Build | Farm |
| 14:25 | Build | Farm |
| 14:26 | Build | Farm |
| 14:26 | Build | Farm |
| 14:26 | Build | Farm |
| 14:26 | Build | Farm |
| 14:27 | Build | Farm |
| 14:27 | Build | Farm |
| 14:27 | Build | Farm |
| 14:28 | Build | Farm |
| 14:28 | Build | Farm |
| 14:29 | Build | Farm |
| 14:29 | Build | Farm |
| 14:29 | Build | Farm |
| 14:30 | Build | Farm |
| 14:30 | Build | Farm |
| 14:30 | Build | Farm |
| 14:31 | Build | Farm |
| 14:31 | Build | Farm |
| 14:31 | Build | Farm |
| 14:31 | Build | Farm |
| 14:32 | Build | Farm |
| 14:32 | Build | Farm |
| 14:32 | Build | Farm |
| 14:33 | Build | Farm |
| 14:33 | Build | Farm |
| 14:33 | Build | Farm |
| 14:34 | Build | Farm |
| 14:34 | Build | Farm |
| 14:34 | Build | Farm |
| 14:35 | Build | Farm |
| 14:35 | Build | Farm |
| 14:35 | Build | Farm |
| 14:36 | Build | Farm |
| 14:36 | Build | Farm |
| 15:16 | Build | Mill |
| 15:23 | Create | Villager (Male) |
| 15:23 | Create | Villager (Male) |
| 15:23 | Create | Villager (Male) |
| 16:01 | Age | Castle Age |
| 16:17 | Create | Villager (Male) |
| 16:40 | Build | Town Center |
| 16:45 | Create | Villager (Male) |
| 17:29 | Build | House |
| 17:33 | Research | Heavy Plow |
| 17:36 | Create | Villager (Male) |
| 17:42 | Create | Villager (Male) |
| 18:09 | Research | Bow Saw |
| 18:40 | Build | Stone Wall |
| 18:51 | Build | Stone Wall |
| 18:54 | Create | Villager (Male) |
| 18:54 | Create | Villager (Male) |
| 18:54 | Create | Villager (Male) |
| 18:55 | Create | Villager (Male) |
| 18:55 | Create | Villager (Male) |
| 18:55 | Create | Villager (Male) |
| 19:37 | Create | Villager (Male) |
| 19:37 | Create | Villager (Male) |
| 19:38 | Create | Villager (Male) |
Build order — _DinosaursWillDie_
First 150 of 347 actions detected
| 0:04 | Create | Villager (Male) |
| 0:04 | Create | Villager (Male) |
| 0:04 | Create | Villager (Male) |
| 0:05 | Create | Villager (Male) |
| 0:05 | Create | Villager (Male) |
| 0:06 | Build | House |
| 0:08 | Build | House |
| 0:12 | Research | Loom |
| 1:14 | Create | Villager (Male) |
| 1:56 | Create | Villager (Male) |
| 1:57 | Create | Villager (Male) |
| 2:49 | Create | Villager (Male) |
| 2:49 | Create | Villager (Male) |
| 2:49 | Create | Villager (Male) |
| 2:55 | Build | Lumber Camp |
| 3:22 | Create | Villager (Male) |
| 3:22 | Create | Villager (Male) |
| 3:59 | Build | House |
| 4:08 | Create | Villager (Male) |
| 4:08 | Create | Villager (Male) |
| 4:32 | Create | Villager (Male) |
| 4:32 | Create | Villager (Male) |
| 4:44 | Research | Loom |
| 5:03 | Create | Villager (Male) |
| 5:03 | Create | Villager (Male) |
| 5:46 | Research | Loom |
| 6:11 | Build | House |
| 6:23 | Build | Mill |
| 6:26 | Create | Villager (Male) |
| 6:26 | Create | Villager (Male) |
| 6:45 | Create | Villager (Male) |
| 6:45 | Create | Villager (Male) |
| 6:46 | Create | Villager (Male) |
| 6:52 | Build | House |
| 6:53 | Build | House |
| 7:25 | Create | Villager (Male) |
| 7:47 | Create | Villager (Male) |
| 7:47 | Create | Villager (Male) |
| 8:41 | Create | Villager (Male) |
| 8:46 | Build | Barracks |
| 9:13 | Build | Lumber Camp |
| 9:27 | Build | House |
| 9:29 | Build | House |
| 9:47 | Build | Palisade Wall |
| 9:49 | Build | Palisade Wall |
| 10:13 | Build | Palisade Wall |
| 10:18 | Build | Palisade Wall |
| 10:24 | Build | Palisade Wall |
| 10:29 | Research | Feudal Age |
| 10:32 | Build | Farm |
| 10:32 | Build | Farm |
| 10:49 | Build | Farm |
| 10:50 | Build | Farm |
| 11:02 | Build | Farm |
| 11:39 | Build | Farm |
| 11:40 | Build | Farm |
| 11:43 | Build | Farm |
| 11:44 | Build | Farm |
| 12:04 | Build | Mill |
| 12:06 | Create | Villager (Male) |
| 12:07 | Create | Villager (Male) |
| 12:17 | Build | House |
| 12:23 | Build | House |
| 12:36 | Create | Villager (Male) |
| 12:39 | Age | Feudal Age |
| 12:40 | Research | Double-Bit Axe |
| 12:40 | Research | Double-Bit Axe |
| 13:00 | Build | House |
| 13:02 | Create | Villager (Male) |
| 13:13 | Build | Mining Camp |
| 13:17 | Create | Villager (Male) |
| 13:20 | Create | Spearman |
| 13:36 | Research | Horse Collar |
| 13:36 | Research | Horse Collar |
| 13:39 | Build | House |
| 13:42 | Build | House |
| 13:52 | Create | Villager (Male) |
| 14:05 | Research | Stone Mining |
| 14:41 | Build | Palisade Wall |
| 14:44 | Build | Farm |
| 14:46 | Build | Farm |
| 14:47 | Build | Farm |
| 14:57 | Research | Gold Mining |
| 15:09 | Build | Farm |
| 15:14 | Create | Villager (Male) |
| 15:15 | Create | Villager (Male) |
| 15:16 | Create | Villager (Male) |
| 15:24 | Build | Farm |
| 15:35 | Build | House |
| 15:40 | Build | Farm |
| 15:51 | Build | Farm |
| 16:02 | Build | Farm |
| 16:20 | Build | Mining Camp |
| 16:30 | Create | Villager (Male) |
| 16:30 | Create | Villager (Male) |
| 16:35 | Build | Farm |
| 16:48 | Create | Villager (Male) |
| 17:00 | Build | Market |
| 17:39 | Build | Blacksmith |
| 18:00 | Create | Villager (Male) |
| 18:23 | Build | Stable |
| 18:25 | Research | Castle Age |
| 19:02 | Research | Scale Barding Armor |
| 19:04 | Research | Forging |
| 19:06 | Research | Bloodlines |
| 19:08 | Build | Farm |
| 19:11 | Build | Farm |
| 20:23 | Research | Wheelbarrow |
| 20:33 | Build | House |
| 21:05 | Age | Castle Age |
| 21:07 | Build | Castle |
| 21:13 | Create | Villager (Male) |
| 21:13 | Create | Villager (Male) |
| 21:13 | Create | Villager (Male) |
| 21:19 | Research | Chain Barding Armor |
| 21:19 | Research | Iron Casting |
| 21:21 | Research | Husbandry |
| 21:25 | Research | Bow Saw |
| 21:47 | Research | Gold Shaft Mining |
| 21:53 | Create | Unit 1949 |
| 22:17 | Create | Unit 1949 |
| 22:31 | Build | Farm |
| 22:31 | Build | Farm |
| 22:33 | Create | Villager (Male) |
| 22:33 | Create | Villager (Male) |
| 22:53 | Create | Unit 1949 |
| 22:53 | Create | Unit 1949 |
| 23:22 | Build | Monastery |
| 23:28 | Create | Unit 1949 |
| 23:29 | Create | Unit 1949 |
| 23:39 | Build | Mining Camp |
| 23:55 | Build | Mining Camp |
| 23:57 | Create | Unit 1949 |
| 23:57 | Create | Unit 1949 |
| 23:57 | Create | Unit 1949 |
| 24:02 | Create | Villager (Male) |
| 24:02 | Create | Villager (Male) |
| 24:02 | Create | Villager (Male) |
| 24:04 | Create | Villager (Male) |
| 24:04 | Create | Villager (Male) |
| 24:16 | Create | Unit 1949 |
| 24:38 | Create | Unit 1949 |
| 24:38 | Create | Unit 1949 |
| 24:47 | Research | Iron Casting |
| 24:54 | Create | Unit 1949 |
| 24:58 | Create | Unit 1949 |
| 25:12 | Create | Unit 1949 |
| 25:42 | Create | Unit 1949 |
| 25:42 | Create | Unit 1949 |
| 25:42 | Create | Unit 1949 |
Build order — Michaell2050
First 150 of 419 actions detected
| 0:03 | Research | Loom |
| 0:14 | Create | Villager (Male) |
| 0:14 | Create | Villager (Male) |
| 0:18 | Build | House |
| 0:24 | Create | Villager (Male) |
| 0:42 | Build | House |
| 1:50 | Create | Villager (Male) |
| 2:02 | Build | Lumber Camp |
| 2:06 | Create | Villager (Male) |
| 2:06 | Create | Villager (Male) |
| 2:39 | Create | Villager (Male) |
| 2:48 | Create | Villager (Male) |
| 3:13 | Create | Villager (Male) |
| 3:34 | Build | House |
| 3:59 | Create | Villager (Male) |
| 3:59 | Create | Villager (Male) |
| 4:09 | Build | Mill |
| 4:13 | Create | Villager (Male) |
| 4:58 | Create | Villager (Male) |
| 5:01 | Build | House |
| 5:22 | Create | Villager (Male) |
| 5:43 | Build | House |
| 5:55 | Create | Villager (Male) |
| 5:55 | Create | Villager (Male) |
| 6:03 | Create | Villager (Male) |
| 6:03 | Create | Villager (Male) |
| 6:14 | Build | House |
| 6:40 | Create | Villager (Male) |
| 6:44 | Create | Villager (Male) |
| 6:54 | Build | Lumber Camp |
| 7:05 | Create | Villager (Male) |
| 7:15 | Create | Villager (Male) |
| 7:38 | Build | Palisade Wall |
| 7:41 | Build | Palisade Wall |
| 7:44 | Create | Villager (Male) |
| 8:07 | Build | Palisade Wall |
| 8:25 | Create | Villager (Male) |
| 9:00 | Research | Feudal Age |
| 9:23 | Build | Mining Camp |
| 9:43 | Build | Barracks |
| 10:23 | Build | House |
| 10:59 | Create | Villager (Male) |
| 11:00 | Create | Villager (Male) |
| 11:25 | Age | Feudal Age |
| 11:29 | Build | Market |
| 12:08 | Build | Blacksmith |
| 12:12 | Create | Villager (Male) |
| 12:56 | Research | Castle Age |
| 13:20 | Build | Archery Range |
| 13:52 | Build | Palisade Wall |
| 14:08 | Build | Palisade Gate |
| 14:15 | Research | Horse Collar |
| 14:23 | Research | Double-Bit Axe |
| 14:25 | Create | Villager (Male) |
| 15:07 | Create | Villager (Male) |
| 15:30 | Create | Villager (Male) |
| 15:36 | Age | Castle Age |
| 15:40 | Build | Town Center |
| 15:47 | Create | Archer |
| 15:48 | Create | Archer |
| 15:49 | Create | Villager (Male) |
| 16:15 | Create | Skirmisher |
| 17:18 | Build | Farm |
| 17:19 | Build | Farm |
| 17:20 | Build | Farm |
| 17:22 | Build | Farm |
| 17:23 | Build | Farm |
| 17:25 | Build | Farm |
| 17:29 | Build | Farm |
| 17:30 | Build | Farm |
| 17:45 | Create | Archer |
| 17:45 | Create | Archer |
| 17:57 | Build | Town Center |
| 18:11 | Build | Farm |
| 18:12 | Build | Farm |
| 18:14 | Build | Farm |
| 18:38 | Build | House |
| 18:45 | Create | Villager (Male) |
| 19:05 | Create | Archer |
| 19:05 | Create | Archer |
| 19:07 | Create | Villager (Male) |
| 19:22 | Create | Archer |
| 19:22 | Create | Archer |
| 19:30 | Research | Fletching |
| 19:31 | Research | Padded Archer Armor |
| 19:44 | Build | House |
| 19:46 | Build | House |
| 19:47 | Build | House |
| 20:17 | Create | Villager (Male) |
| 20:25 | Build | House |
| 20:35 | Create | Villager (Male) |
| 20:35 | Create | Villager (Male) |
| 21:02 | Create | Archer |
| 21:02 | Create | Archer |
| 21:02 | Create | Archer |
| 21:25 | Create | Villager (Male) |
| 21:25 | Create | Villager (Male) |
| 21:25 | Create | Villager (Male) |
| 21:32 | Build | Archery Range |
| 22:15 | Create | Villager (Male) |
| 22:22 | Build | House |
| 22:25 | Build | Lumber Camp |
| 22:40 | Create | Villager (Male) |
| 22:40 | Create | Villager (Male) |
| 22:40 | Create | Villager (Male) |
| 22:42 | Build | Farm |
| 22:47 | Build | Farm |
| 22:53 | Build | Farm |
| 22:54 | Build | Farm |
| 22:57 | Build | Farm |
| 23:23 | Build | Mining Camp |
| 23:47 | Research | Crossbowman (upgrade) |
| 23:53 | Create | Archer |
| 23:53 | Create | Archer |
| 24:11 | Create | Archer |
| 24:11 | Create | Archer |
| 24:13 | Create | Villager (Male) |
| 24:13 | Create | Villager (Male) |
| 24:13 | Create | Villager (Male) |
| 24:24 | Build | Farm |
| 24:25 | Build | Farm |
| 24:26 | Build | Farm |
| 24:27 | Build | Farm |
| 24:42 | Create | Archer |
| 24:43 | Create | Archer |
| 24:44 | Create | Villager (Male) |
| 24:45 | Create | Villager (Male) |
| 25:13 | Create | Archer |
| 25:13 | Create | Archer |
| 25:15 | Create | Villager (Male) |
| 25:15 | Create | Villager (Male) |
| 25:46 | Create | Archer |
| 25:46 | Create | Archer |
| 25:48 | Create | Villager (Male) |
| 25:48 | Create | Villager (Male) |
| 25:49 | Create | Villager (Male) |
| 25:49 | Create | Villager (Male) |
| 26:08 | Build | Farm |
| 26:11 | Build | Farm |
| 26:13 | Build | Farm |
| 26:14 | Build | Farm |
| 26:19 | Build | House |
| 26:20 | Build | House |
| 26:21 | Build | House |
| 26:24 | Create | Archer |
| 26:25 | Create | Archer |
| 26:25 | Create | Archer |
| 26:26 | Create | Villager (Male) |
| 26:27 | Create | Villager (Male) |
| 26:55 | Create | Archer |
Build order — selim.eminogluu5
First 150 of 270 actions detected
| 0:03 | Create | Villager (Male) ×4 |
| 0:07 | Build | House |
| 0:08 | Build | House |
| 0:12 | Build | House |
| 1:49 | Create | Villager (Male) |
| 2:01 | Build | Lumber Camp |
| 2:05 | Create | Villager (Male) |
| 2:37 | Create | Villager (Male) |
| 3:06 | Create | Villager (Male) |
| 3:07 | Create | Villager (Male) |
| 3:28 | Create | Villager (Male) |
| 3:58 | Create | Villager (Male) |
| 4:27 | Create | Villager (Male) |
| 4:40 | Create | Villager (Male) |
| 5:10 | Create | Villager (Male) |
| 5:51 | Create | Villager (Male) |
| 6:04 | Create | Villager (Male) |
| 6:19 | Build | House |
| 6:24 | Build | House |
| 6:35 | Build | Mill |
| 6:38 | Create | Villager (Male) |
| 6:39 | Create | Villager (Male) |
| 7:26 | Create | Villager (Male) |
| 7:57 | Create | Villager (Male) |
| 7:58 | Create | Villager (Male) |
| 8:38 | Create | Villager (Male) |
| 8:42 | Build | Mining Camp |
| 9:14 | Create | Villager (Male) |
| 9:47 | Research | Feudal Age |
| 10:01 | Create | Villager (Male) |
| 10:01 | Create | Villager (Male) |
| 10:02 | Research | Loom |
| 10:49 | Build | House |
| 11:10 | Build | Outpost |
| 11:57 | Age | Feudal Age |
| 12:02 | Build | Stone Wall |
| 12:06 | Build | Gate |
| 12:22 | Build | Market |
| 12:29 | Build | Blacksmith |
| 12:39 | Build | Mining Camp |
| 13:00 | Build | Stone Wall |
| 13:04 | Build | Gate |
| 13:16 | Research | Castle Age |
| 13:44 | Research | Double-Bit Axe |
| 13:44 | Research | Double-Bit Axe |
| 14:00 | Build | Farm |
| 14:02 | Build | Farm |
| 14:03 | Build | Farm |
| 14:04 | Build | Farm |
| 14:35 | Build | Stone Wall |
| 14:46 | Build | Stone Wall |
| 15:07 | Build | Stone Wall |
| 15:09 | Build | Gate |
| 15:15 | Build | Gate |
| 15:18 | Create | Villager (Male) |
| 15:18 | Create | Villager (Male) |
| 15:26 | Research | Horse Collar |
| 15:56 | Age | Castle Age |
| 16:07 | Build | Town Center |
| 16:23 | Research | Bow Saw |
| 16:47 | Build | Monastery |
| 17:28 | Create | Villager (Male) |
| 17:29 | Create | Villager (Male) |
| 17:29 | Create | Villager (Male) |
| 17:40 | Create | Villager (Male) |
| 17:42 | Create | Villager (Male) |
| 18:20 | Create | Villager (Male) |
| 18:21 | Create | Monk |
| 18:48 | Build | Farm |
| 18:55 | Build | Farm |
| 18:56 | Build | Farm |
| 18:57 | Build | Farm |
| 18:58 | Build | Farm |
| 19:05 | Create | Villager (Male) |
| 19:06 | Create | Villager (Male) |
| 19:08 | Research | Wheelbarrow |
| 19:32 | Build | House |
| 19:41 | Build | House |
| 20:10 | Create | Villager (Male) |
| 20:11 | Create | Villager (Male) |
| 20:32 | Create | Villager (Male) |
| 20:33 | Create | Villager (Male) |
| 20:43 | Research | Heavy Plow |
| 21:00 | Create | Villager (Male) ×2 |
| 21:24 | Build | Farm |
| 21:27 | Create | Villager (Male) ×2 |
| 21:34 | Build | Farm |
| 21:42 | Build | Castle |
| 21:51 | Create | Villager (Male) ×2 |
| 22:17 | Build | Town Center |
| 22:26 | Create | Villager (Male) ×2 |
| 22:32 | Build | Farm |
| 22:33 | Build | Farm |
| 22:51 | Create | Villager (Male) |
| 22:57 | Build | Farm |
| 23:14 | Build | Town Center |
| 23:17 | Create | Villager (Male) ×4 |
| 23:31 | Build | Farm |
| 23:55 | Build | Farm |
| 24:00 | Create | Villager (Male) ×4 |
| 24:40 | Create | Villager (Male) ×4 |
| 24:54 | Build | Farm |
| 25:01 | Build | Farm |
| 25:21 | Build | Barracks |
| 25:36 | Research | Hand Cart |
| 25:38 | Create | Villager (Male) |
| 25:42 | Build | Farm |
| 26:03 | Create | Villager (Male) ×2 |
| 26:23 | Build | Stable |
| 26:25 | Build | Stable |
| 26:26 | Build | Stable |
| 26:30 | Create | Villager (Male) ×4 |
| 26:36 | Build | Farm |
| 26:40 | Build | Farm |
| 27:00 | Create | Villager (Male) ×3 |
| 27:03 | Build | Farm |
| 27:17 | Create | Villager (Male) |
| 27:17 | Create | Villager (Male) |
| 27:36 | Create | Villager (Male) ×3 |
| 27:43 | Build | Stable |
| 27:44 | Build | Stable |
| 28:09 | Build | Castle |
| 28:13 | Build | Mining Camp |
| 28:37 | Build | Farm |
| 28:37 | Build | Farm |
| 28:55 | Build | Stable |
| 28:56 | Build | Stable |
| 29:00 | Create | Villager (Male) ×5 |
| 29:00 | Create | Villager (Male) ×5 |
| 29:00 | Create | Villager (Male) ×5 |
| 29:05 | Build | House |
| 29:08 | Build | House |
| 29:09 | Build | House |
| 29:11 | Build | House |
| 29:13 | Build | House |
| 29:13 | Build | House |
| 29:26 | Build | Farm |
| 29:38 | Build | Farm |
| 29:41 | Build | Farm |
| 30:25 | Build | University |
| 30:29 | Build | Farm |
| 30:32 | Build | Farm |
| 30:41 | Build | Lumber Camp |
| 30:43 | Research | Husbandry |
| 30:45 | Research | Bloodlines |
| 30:49 | Research | Kshatriyas |
| 30:54 | Build | Farm |
| 31:17 | Build | Farm |
| 31:39 | Build | Farm |
| 31:40 | Build | Farm |
Build order — Magwai
First 150 of 321 actions detected
| 0:01 | Create | Villager (Male) |
| 0:01 | Create | Villager (Male) |
| 0:01 | Create | Villager (Male) |
| 0:01 | Create | Villager (Male) |
| 0:01 | Create | Villager (Male) |
| 0:01 | Create | Villager (Male) |
| 0:03 | Build | House |
| 0:04 | Build | House |
| 1:24 | Create | Villager (Male) |
| 1:24 | Create | Villager (Male) |
| 1:24 | Create | Villager (Male) |
| 1:24 | Create | Villager (Male) |
| 1:24 | Create | Villager (Male) |
| 1:48 | Build | Lumber Camp |
| 2:01 | Create | Villager (Male) |
| 2:01 | Create | Villager (Male) |
| 2:01 | Create | Villager (Male) |
| 2:01 | Create | Villager (Male) |
| 2:01 | Create | Villager (Male) |
| 2:01 | Create | Villager (Male) |
| 2:01 | Create | Villager (Male) |
| 2:34 | Create | Villager (Male) |
| 2:34 | Create | Villager (Male) |
| 2:34 | Create | Villager (Male) |
| 2:34 | Create | Villager (Male) |
| 2:34 | Create | Villager (Male) |
| 2:34 | Create | Villager (Male) |
| 2:34 | Create | Villager (Male) |
| 3:14 | Create | Villager (Male) |
| 3:14 | Create | Villager (Male) |
| 3:14 | Create | Villager (Male) |
| 3:14 | Create | Villager (Male) |
| 3:14 | Create | Villager (Male) |
| 3:51 | Build | House |
| 3:57 | Create | Villager (Male) |
| 4:20 | Create | Villager (Male) |
| 4:41 | Create | Villager (Male) |
| 4:41 | Create | Villager (Male) |
| 4:41 | Create | Villager (Male) |
| 4:51 | Build | Mill |
| 5:47 | Create | Villager (Male) |
| 5:47 | Create | Villager (Male) |
| 6:34 | Create | Villager (Male) |
| 6:40 | Research | Loom |
| 7:48 | Research | Feudal Age |
| 8:08 | Create | Villager (Male) |
| 8:08 | Create | Villager (Male) |
| 9:06 | Build | House |
| 9:14 | Build | Barracks |
| 9:58 | Age | Feudal Age |
| 10:09 | Build | Lumber Camp |
| 10:18 | Create | Villager (Male) |
| 10:30 | Create | Villager (Male) |
| 11:01 | Create | Villager (Male) |
| 11:06 | Build | Stable |
| 11:15 | Build | House |
| 11:24 | Create | Villager (Male) |
| 11:24 | Create | Villager (Male) |
| 11:51 | Create | Villager (Male) |
| 11:52 | Create | Villager (Male) |
| 12:04 | Build | House |
| 12:12 | Build | Blacksmith |
| 12:17 | Create | Scout Cavalry |
| 12:17 | Create | Scout Cavalry |
| 12:17 | Create | Scout Cavalry |
| 12:17 | Create | Scout Cavalry |
| 12:28 | Create | Villager (Male) |
| 12:29 | Create | Villager (Male) |
| 12:38 | Build | Palisade Wall |
| 12:41 | Build | Palisade Wall |
| 12:44 | Create | Villager (Male) |
| 13:08 | Create | Villager (Male) |
| 13:16 | Build | Farm |
| 13:24 | Build | Farm |
| 13:30 | Research | Double-Bit Axe |
| 13:37 | Build | Farm |
| 14:10 | Build | Mining Camp |
| 14:22 | Build | Farm |
| 14:25 | Build | Farm |
| 14:39 | Create | Villager (Male) |
| 14:55 | Create | Villager (Male) |
| 15:06 | Create | Villager (Male) |
| 15:06 | Create | Villager (Male) |
| 15:23 | Build | Farm |
| 15:25 | Build | Farm |
| 15:28 | Build | House |
| 15:38 | Build | Farm |
| 15:43 | Build | Farm |
| 15:46 | Build | Farm |
| 16:33 | Research | Castle Age |
| 17:29 | Build | Farm |
| 17:32 | Build | Farm |
| 17:49 | Build | Stable |
| 17:58 | Research | Scale Barding Armor |
| 17:59 | Research | Forging |
| 18:26 | Build | Palisade Wall |
| 18:34 | Create | Villager (Male) |
| 18:34 | Create | Villager (Male) |
| 18:47 | Build | Palisade Wall |
| 18:54 | Build | Farm |
| 18:57 | Create | Villager (Male) |
| 19:13 | Age | Castle Age |
| 19:15 | Create | Knight |
| 19:15 | Create | Knight |
| 19:16 | Create | Knight |
| 19:40 | Create | Villager (Male) |
| 19:55 | Build | Town Center |
| 20:16 | Build | Town Center |
| 20:28 | Create | Knight |
| 20:28 | Create | Knight |
| 20:30 | Create | Villager (Male) |
| 20:30 | Create | Villager (Male) |
| 21:18 | Create | Knight |
| 21:18 | Create | Knight |
| 21:20 | Create | Villager (Male) |
| 21:21 | Create | Villager (Male) |
| 21:35 | Research | Husbandry |
| 21:36 | Create | Villager (Male) |
| 21:36 | Create | Villager (Male) |
| 21:37 | Create | Villager (Male) |
| 22:13 | Create | Villager (Male) |
| 22:13 | Create | Villager (Male) |
| 22:14 | Create | Villager (Male) |
| 22:34 | Create | Villager (Male) |
| 22:35 | Create | Villager (Male) |
| 22:39 | Create | Villager (Male) |
| 22:40 | Create | Villager (Male) |
| 22:43 | Build | Farm |
| 22:56 | Build | Farm |
| 23:00 | Create | Knight |
| 23:00 | Create | Knight |
| 23:02 | Create | Villager (Male) |
| 23:03 | Create | Villager (Male) |
| 23:10 | Build | House |
| 23:21 | Build | Farm |
| 23:39 | Create | Villager (Male) |
| 23:40 | Create | Villager (Male) |
| 23:46 | Build | House |
| 23:59 | Create | Villager (Male) |
| 23:59 | Create | Villager (Male) |
| 24:01 | Research | Wheelbarrow |
| 24:22 | Create | Villager (Male) |
| 24:23 | Create | Villager (Male) |
| 24:39 | Create | Knight |
| 24:40 | Create | Knight |
| 25:03 | Create | Villager (Male) |
| 25:03 | Create | Villager (Male) |
| 25:16 | Build | House |
| 25:17 | Build | House |
| 25:17 | Build | House |
Build order — Mesut Komser
First 150 of 200 actions detected
| 0:06 | Create | Villager (Male) ×4 |
| 0:07 | Build | House |
| 0:09 | Build | House |
| 1:48 | Create | Villager (Male) |
| 1:48 | Create | Villager (Male) |
| 2:12 | Create | Villager (Male) |
| 2:12 | Create | Villager (Male) |
| 2:12 | Create | Villager (Male) |
| 2:30 | Create | Villager (Male) |
| 2:30 | Create | Villager (Male) |
| 2:54 | Create | Villager (Male) |
| 2:54 | Create | Villager (Male) |
| 3:35 | Build | House |
| 3:36 | Build | House |
| 3:38 | Create | Villager (Male) |
| 3:38 | Create | Villager (Male) |
| 4:04 | Create | Villager (Male) |
| 4:05 | Create | Villager (Male) |
| 4:05 | Create | Villager (Male) |
| 4:09 | Build | House |
| 4:10 | Build | House |
| 4:11 | Build | House |
| 4:36 | Create | Villager (Male) |
| 4:37 | Create | Villager (Male) |
| 4:37 | Create | Villager (Male) |
| 5:29 | Create | Villager (Male) |
| 5:29 | Create | Villager (Male) |
| 5:52 | Build | Palisade Wall |
| 5:54 | Build | Palisade Gate |
| 6:00 | Research | Loom |
| 6:01 | Create | Villager (Male) |
| 6:14 | Build | Lumber Camp |
| 6:16 | Create | Villager (Male) |
| 7:09 | Create | Villager (Male) |
| 7:09 | Create | Villager (Male) |
| 7:09 | Create | Villager (Male) |
| 7:33 | Build | Palisade Wall |
| 8:46 | Create | Villager (Male) |
| 9:00 | Build | Mill |
| 9:12 | Build | Palisade Wall |
| 9:14 | Build | Palisade Wall |
| 9:17 | Build | Palisade Gate |
| 10:00 | Research | Feudal Age |
| 10:08 | Build | Barracks |
| 10:10 | Build | Palisade Wall |
| 10:46 | Build | Palisade Wall |
| 10:47 | Build | Palisade Gate |
| 11:15 | Build | Mining Camp |
| 11:23 | Build | Palisade Wall |
| 11:24 | Build | Palisade Gate |
| 12:10 | Age | Feudal Age |
| 12:12 | Create | Villager (Male) |
| 12:14 | Build | Archery Range |
| 12:28 | Create | Villager (Male) |
| 12:38 | Build | Palisade Wall |
| 12:40 | Build | Palisade Gate |
| 12:53 | Create | Archer |
| 12:53 | Create | Archer |
| 12:56 | Build | Archery Range |
| 13:21 | Research | Double-Bit Axe |
| 13:23 | Research | Gold Mining |
| 13:26 | Create | Villager (Male) |
| 13:26 | Create | Villager (Male) |
| 13:27 | Create | Villager (Male) |
| 13:30 | Create | Archer |
| 13:36 | Build | House |
| 13:38 | Build | House |
| 14:06 | Create | Archer |
| 14:10 | Create | Archer |
| 14:21 | Build | Mining Camp |
| 14:30 | Create | Archer |
| 14:30 | Create | Archer |
| 14:33 | Create | Villager (Male) |
| 14:48 | Build | Blacksmith |
| 15:28 | Create | Archer |
| 15:28 | Create | Archer |
| 15:39 | Research | Fletching |
| 15:44 | Build | Farm |
| 15:46 | Build | Farm |
| 15:48 | Create | Villager (Male) |
| 16:12 | Create | Archer |
| 16:12 | Create | Archer |
| 16:48 | Create | Villager (Male) |
| 16:48 | Create | Villager (Male) |
| 16:51 | Create | Archer |
| 16:51 | Create | Archer |
| 18:33 | Build | Farm |
| 18:34 | Build | Farm |
| 18:35 | Build | Farm |
| 19:39 | Research | Castle Age |
| 19:40 | Research | Castle Age |
| 20:23 | Build | Farm |
| 20:24 | Build | Farm |
| 20:25 | Build | Farm |
| 20:26 | Build | Farm |
| 20:27 | Build | Farm |
| 20:28 | Build | Farm |
| 20:29 | Build | Farm |
| 22:19 | Age | Castle Age |
| 22:54 | Create | Villager (Male) |
| 22:55 | Create | Villager (Male) |
| 23:00 | Build | Town Center |
| 23:11 | Build | Market |
| 23:33 | Create | Villager (Male) |
| 23:33 | Create | Villager (Male) |
| 24:02 | Create | Villager (Male) |
| 24:02 | Create | Villager (Male) |
| 24:41 | Build | Stone Wall |
| 24:43 | Build | Gate |
| 24:51 | Build | Stone Wall |
| 25:03 | Create | Villager (Male) |
| 25:03 | Create | Villager (Male) |
| 25:15 | Research | Wheelbarrow |
| 25:55 | Build | Castle |
| 26:07 | Build | Palisade Wall |
| 26:08 | Build | Palisade Wall |
| 26:10 | Build | Palisade Wall |
| 26:12 | Build | Palisade Wall |
| 26:14 | Build | Palisade Wall |
| 26:16 | Build | Palisade Wall |
| 26:25 | Create | Villager (Male) |
| 26:25 | Create | Villager (Male) |
| 26:47 | Create | Conquistador |
| 26:48 | Create | Conquistador |
| 27:02 | Build | Lumber Camp |
| 27:26 | Create | Villager (Male) |
| 27:27 | Create | Villager (Male) |
| 27:44 | Create | Conquistador |
| 27:45 | Create | Conquistador |
| 28:34 | Build | Lumber Camp |
| 28:42 | Create | Conquistador |
| 28:56 | Build | Palisade Wall |
| 28:57 | Build | Palisade Gate |
| 29:25 | Create | Conquistador |
| 29:25 | Create | Conquistador |
| 31:35 | Build | University |
| 33:43 | Build | Castle |
| 33:50 | Build | Farm |
| 33:52 | Build | Farm |
| 34:02 | Build | Stone Wall |
| 34:04 | Build | Palisade Gate |
| 34:53 | Create | Villager (Male) |
| 34:53 | Create | Villager (Male) |
| 35:01 | Create | Villager (Male) |
| 35:33 | Create | Conquistador |
| 35:34 | Create | Conquistador |
| 35:48 | Create | Villager (Male) |
| 35:49 | Create | Villager (Male) |
| 35:50 | Create | Villager (Male) |
| 35:50 | Create | Villager (Male) |
Match timeline
| 5:52 | Mesut Komser · wall_segment Palisade Wall x11 |
| 7:29 | NoTradeBeforeImp · wall_segment Palisade Wall x1 |
| 7:33 | Mesut Komser · wall_segment Palisade Wall x11 |
| 7:38 | Michaell2050 · wall_segment Palisade Wall x1 |
| 7:41 | Michaell2050 · wall_segment Palisade Wall x7 |
| 8:07 | Michaell2050 · wall_segment Palisade Wall x1 |
| 8:46 | _DinosaursWillDie_ · first_building Barracks |
| 9:12 | Mesut Komser · wall_segment Palisade Wall x6 |
| 9:14 | Magwai · first_building Barracks |
| 9:14 | Mesut Komser · wall_segment Palisade Wall x10 |
| 9:31 | NoTradeBeforeImp · wall_segment Palisade Wall x10 |
| 9:43 | Michaell2050 · first_building Barracks |
| 9:44 | NoTradeBeforeImp · first_building Barracks |
| 9:47 | _DinosaursWillDie_ · wall_segment Palisade Wall x10 |
| 9:48 | NoTradeBeforeImp · wall_segment Palisade Wall x1 |
| 9:49 | _DinosaursWillDie_ · wall_segment Palisade Wall x6 |
| 9:56 | Shermanugus · age_up feudal |
| 9:58 | Magwai · age_up feudal |
| 10:02 | NoTradeBeforeImp · wall_segment Palisade Wall x8 |
| 10:06 | NoTradeBeforeImp · wall_segment Palisade Wall x9 |
| 10:08 | Mesut Komser · first_building Barracks |
| 10:10 | Mesut Komser · wall_segment Palisade Wall x2 |
| 10:10 | NoTradeBeforeImp · wall_segment Palisade Wall x6 |
| 10:13 | _DinosaursWillDie_ · wall_segment Palisade Wall x14 |
| 10:15 | NoTradeBeforeImp · wall_segment Palisade Wall x11 |
| 10:18 | _DinosaursWillDie_ · wall_segment Palisade Wall x8 |
| 10:24 | _DinosaursWillDie_ · wall_segment Palisade Wall x9 |
| 10:46 | Mesut Komser · wall_segment Palisade Wall x12 |
| 11:06 | Magwai · first_building Stable |
| 11:06 | NoTradeBeforeImp · age_up feudal |
| 11:23 | Mesut Komser · wall_segment Palisade Wall x7 |
| 11:25 | Michaell2050 · age_up feudal |
| 11:34 | ŞaşKomutan · age_up feudal |
| 11:34 | ŞaşKomutan · wall_segment Palisade Wall x6 |
| 11:41 | ŞaşKomutan · wall_segment Palisade Wall x12 |
| 11:57 | selim.eminogluu5 · age_up feudal |
| 12:02 | selim.eminogluu5 · wall_segment Stone Wall x12 |
| 12:10 | Mesut Komser · age_up feudal |
| 12:13 | ŞaşKomutan · first_building Barracks |
| 12:14 | Mesut Komser · first_building Archery Range |
| 12:32 | Shermanugus · wall_segment Stone Wall x7 |
| 12:38 | Mesut Komser · wall_segment Palisade Wall x12 |
| 12:38 | Magwai · wall_segment Palisade Wall x3 |
| 12:39 | _DinosaursWillDie_ · age_up feudal |
| 12:41 | Magwai · wall_segment Palisade Wall x6 |
| 12:50 | Shermanugus · first_market_sell 100 food |
| 13:00 | selim.eminogluu5 · wall_segment Stone Wall x15 |
| 13:20 | Michaell2050 · first_building Archery Range |
| 13:39 | NoTradeBeforeImp · wall_segment Palisade Wall x1 |
| 13:52 | Michaell2050 · wall_segment Palisade Wall x5 |
| 14:18 | ŞaşKomutan · first_building Stable |
| 14:35 | selim.eminogluu5 · wall_segment Stone Wall x11 |
| 14:41 | _DinosaursWillDie_ · wall_segment Palisade Wall x1 |
| 14:46 | selim.eminogluu5 · wall_segment Stone Wall x8 |
| 15:07 | selim.eminogluu5 · wall_segment Stone Wall x15 |
| 15:36 | Michaell2050 · age_up castle |
| 15:56 | selim.eminogluu5 · age_up castle |
| 16:01 | Shermanugus · age_up castle |
| 16:47 | selim.eminogluu5 · first_building Monastery |
| 17:13 | NoTradeBeforeImp · age_up castle |
| 18:23 | _DinosaursWillDie_ · first_building Stable |
| 18:26 | Magwai · wall_segment Palisade Wall x8 |
| 18:40 | Shermanugus · wall_segment Stone Wall x15 |
| 18:47 | Magwai · wall_segment Palisade Wall x19 |
| 18:51 | Shermanugus · wall_segment Stone Wall x19 |
| 19:13 | Magwai · age_up castle |
| 19:28 | Michaell2050 · first_market_buy 100 food |
| 20:20 | Shermanugus · first_market_buy 100 stone |
| 21:05 | _DinosaursWillDie_ · age_up castle |
| 21:07 | _DinosaursWillDie_ · first_building Castle |
| 21:14 | Michaell2050 · first_market_sell 100 wood |
| 21:40 | NoTradeBeforeImp · first_building Archery Range |
| 21:42 | selim.eminogluu5 · first_building Castle |
| 22:16 | ŞaşKomutan · first_market_buy 500 food |
| 22:19 | Mesut Komser · age_up castle |
| 23:10 | NoTradeBeforeImp · wall_segment Palisade Wall x1 |
| 23:12 | NoTradeBeforeImp · wall_segment Palisade Wall x1 |
| 23:17 | NoTradeBeforeImp · wall_segment Palisade Wall x1 |
| 23:18 | NoTradeBeforeImp · wall_segment Palisade Wall x1 |
| 23:19 | NoTradeBeforeImp · wall_segment Palisade Wall x1 |
| 23:20 | NoTradeBeforeImp · wall_segment Palisade Wall x1 |
| 23:22 | _DinosaursWillDie_ · first_building Monastery |
| 24:41 | Mesut Komser · wall_segment Stone Wall x7 |
| 24:51 | Mesut Komser · wall_segment Stone Wall x1 |
| 25:00 | ŞaşKomutan · age_up castle |
| 25:21 | selim.eminogluu5 · first_building Barracks |
| 25:23 | Mesut Komser · first_market_buy 100 stone |
| 25:35 | NoTradeBeforeImp · wall_segment Palisade Wall x1 |
| 25:55 | Mesut Komser · first_building Castle |
| 26:07 | Mesut Komser · wall_segment Palisade Wall x1 |
| 26:08 | Mesut Komser · wall_segment Palisade Wall x1 |
| 26:10 | Mesut Komser · wall_segment Palisade Wall x1 |
| 26:12 | Mesut Komser · wall_segment Palisade Wall x1 |
| 26:14 | Mesut Komser · wall_segment Palisade Wall x1 |
| 26:16 | Mesut Komser · wall_segment Palisade Wall x1 |
| 26:23 | selim.eminogluu5 · first_building Stable |
| 26:57 | Shermanugus · wall_segment Stone Wall x9 |
| 27:26 | ŞaşKomutan · first_building Monastery |
| 27:34 | Shermanugus · first_building Castle |
| 27:48 | NoTradeBeforeImp · first_building Castle |
| 28:47 | Magwai · first_building Monastery |
| 28:56 | Mesut Komser · wall_segment Palisade Wall x4 |
| 29:13 | ŞaşKomutan · first_building Castle |
| 31:07 | NoTradeBeforeImp · wall_segment Palisade Wall x3 |
| 31:58 | Shermanugus · age_up imperial |
| 32:15 | Michaell2050 · first_building Monastery |
| 33:45 | _DinosaursWillDie_ · first_market_buy 100 stone |
| 33:59 | ŞaşKomutan · first_market_sell 100 food |
| 34:02 | Mesut Komser · wall_segment Stone Wall x4 |
| 34:34 | Michaell2050 · first_building Castle |
| 35:05 | selim.eminogluu5 · age_up imperial |
| 35:37 | ŞaşKomutan · wall_segment Stone Wall x1 |
| 36:01 | selim.eminogluu5 · first_market_sell 500 wood |
| 37:10 | ŞaşKomutan · age_up imperial |
| 37:21 | Michaell2050 · age_up imperial |
| 37:33 | Mesut Komser · first_building Siege Workshop |
| 37:37 | Mesut Komser · first_market_sell 100 wood |
| 37:43 | Mesut Komser · wall_segment Palisade Wall x6 |
| 39:41 | Magwai · first_market_buy 100 stone |
| 39:51 | selim.eminogluu5 · wall_segment Stone Wall x1 |
| 41:26 | NoTradeBeforeImp · age_up imperial |
| 43:37 | _DinosaursWillDie_ · first_building Siege Workshop |
| 45:19 | ŞaşKomutan · first_building Siege Workshop |
| 46:52 | Shermanugus · wall_segment Stone Wall x9 |
| 47:02 | Shermanugus · wall_segment Stone Wall x20 |
| 47:59 | Magwai · first_building Castle |
| 48:09 | NoTradeBeforeImp · resign |
| 48:12 | Shermanugus · wall_segment Stone Wall x13 |
[ AI ANALYSIS · 1 CREDIT ]
What really happened in this match?
Wolo.gg analyzes every decision: build order, eco, micro, common mistakes by bracket. Personalized analysis on WhatsApp or Discord in 30 seconds.
Civ guide
Lithuanians
Perfil
Jugador #15510681